 Dungeon Crawl Stone Soup version 0.30.0-29-ga12c61a403 (webtiles) character file.

Game seed: 2781464242815946795

14898 ANNNA the Thaumaturge (level 11, -1/84 HPs)
             Began as a Purple Draconian Ice Elementalist on June 25, 2023.
             Was an Initiate of Ashenzari.
             Slain by a red ugly thing (19 damage)
             ... on level 11 of the Dungeon.
             The game lasted 00:56:55 (17620 turns).

ANNNA the Thaumaturge (DrIE)                       Turns: 17620, Time: 00:56:56

Health: -1/84      AC: 18    Str: 12    XL:     11   Next: 94%
Magic:  26/26      EV: 29    Int: 15    God:    Ashenzari [......]
Gold:   937        SH:  0    Dex: 15    Spells: 26/33 levels left

rFire   . . .        A - +0 glaive (flame)
rCold   . . .        (shield currently unavailable)
rNeg    . . .        (body armour unavailable)
rPois   .            M - +2 hat {SInv}
rElec   .            E - +2 cloak
rCorr   .            u - +2 pair of gloves
SInv    +            s - +2 pair of boots
Will    ++...        e - amulet of the acrobat
Stlth   ++++         J - ring of willpower
HPRegen 0.34/turn    (no ring)
MPRegen 0.20/turn

%: acrobat
@: acrobatic, studying Transmutations
A: breathe power, AC +7, unfitting armour, cold-blooded
a: Breathe Dispelling Energy, Renounce Religion, Curse Item


You were on level 11 of the Dungeon.
You worshipped Ashenzari.
Ashenzari was noncommittal.
You visited 2 branches of the dungeon, and saw 13 of its levels.
You also visited: Sewer and Ossuary.

You collected 937 gold pieces.

Inventory:

Hand Weapons
 A - a +0 glaive of flaming (weapon)
 N - a +2 falchion of holy wrath
Missiles
 f - 26 poisoned darts
 g - 56 stones (quivered)
 r - 2 throwing nets
 x - 6 atropa-tipped darts
 I - 4 javelins
 L - a curare-tipped dart
Armour
 s - a +2 pair of boots (worn)
 u - a +2 pair of gloves (worn)
 E - a +2 cloak (worn)
 M - a +2 hat of see invisible (worn)
Jewellery
 e - an amulet of the acrobat (around neck)
 J - a ring of willpower (left hand)
Wands
 h - a wand of polymorph (6)
 B - a wand of charming (9)
 G - a wand of flame (20)
Scrolls
 c - 2 scrolls of fog
 d - 3 scrolls of enchant armour
 i - 7 scrolls of teleportation
 j - 4 scrolls of poison
 k - a scroll of brand weapon {unknown}
 l - 4 scrolls of immolation
 n - a scroll of noise {unknown}
 o - 4 scrolls of fear
 y - 2 scrolls of amnesia
 D - a scroll of summoning {unknown}
 F - 2 scrolls of enchant weapon
Potions
 a - a potion of magic
 m - 2 potions of attraction {unknown}
 p - 3 potions of cancellation
 q - 2 potions of invisibility {unknown}
 t - 5 potions of might
 v - 4 potions of curing
 w - 2 potions of haste {unknown}
 z - 4 potions of mutation
 C - a potion of brilliance {unknown}
 H - 3 potions of lignification
 K - a potion of ambrosia {unknown}
 O - a potion of heal wounds


   Skills:
 + Level 4.1 Fighting
 + Level 0.3 Short Blades
 * Level 9.3 Polearms
 + Level 1.4 Throwing
 + Level 5.0 Dodging
 * Level 7.1 Stealth
 + Level 0.2 Unarmed Combat
 + Level 11.6 Spellcasting
 + Level 3.2 Transmutations
 + Level 8.3 Ice Magic
 * Level 6.6 Evocations


You had 26 spell levels left.
You knew the following spells:

 Your Spells              Type           Power      Damage    Failure   Level
a - Freeze                Ice            100%       1d10      1%          1
b - Frozen Ramparts       Ice            66%        1d10      1%          3
c - Ozocubu's Armour      Ice            33%        N/A       1%          3

Your spell library contained the following spells:

 Spells                   Type           Power      Damage    Failure   Level
 Apportation              Tloc           16%        N/A       9%          1
 Necrotise                Necr           32%        1d5       9%          1
 Slow                     Hex            32%        N/A       9%          1
 Summon Small Mammal      Summ           32%        N/A       9%          1
 Summon Ice Beast         Ice/Summ       21%        N/A       16%         4
 Call Canine Familiar     Summ           8%         N/A       26%         3
 Confusing Touch          Hex            8%         N/A       26%         3
 Portal Projectile        Hex/Tloc       16%        N/A       26%         3
 Summon Guardian Golem    Hex/Summ       8%         N/A       26%         3
 Vampiric Draining        Necr           8%         2d6       26%         3
 Vhi's Electric Charge    Tloc/Air       16%        N/A       26%         3
 Anguish                  Hex/Necr       4%         N/A       63%         4
 Cause Fear               Hex            4%         N/A       63%         4
 Leda's Liquefaction      Hex/Erth       4%         N/A       63%         4
 Arcjolt                  Conj/Air       4%         1d14      93%         5
 Plasma Beam              Fire/Air       4%         2x1d15    100%        6
 Enfeeble                 Hex            4%         N/A       100%        7
 Orb of Destruction       Conj           4%         9d5       100%        7
 Spellforged Servitor     Conj/Summ      4%         N/A       100%        7


Dungeon Overview and Level Annotations

Branches:
Dungeon (12/15)            Temple (1/1) D:4            Lair (0/5) D:9
    Orc (0/2) D:10          Sewer (visited)         Ossuary (visited)

Altars:
Ashenzari
Cheibriados
Dithmenos
Elyvilon
Fedhas
Gozag
Hepliaklqana
Kikubaaqudgha
Makhleb
Nemelex Xobeh
Okawaru
Qazlal
Ru
Sif Muna
Trog
Uskayaw
Vehumet
Wu Jian
Xom
Yredelemnul
Zin
The Shining One

Annotations:
D:7 2 transporters, ChadusMaximus's ghost, novice MiFi


Innate Abilities, Weirdness & Mutations

You can breathe bolts of dispelling energy.
Your rich purple scales are hard. (AC +7)
You cannot fit into any form of body armour.
You are cold-blooded and may be slowed by cold attacks.


Message History

There is a stone staircase leading up, spattered with blood here.
You climb upwards.
There is a stone staircase leading down here.
You climb downwards.
There is a stone staircase leading up, spattered with blood here.
You can't go down here!
You climb upwards.
There is a stone staircase leading down here.
The red ugly thing gurgles horribly!
You climb downwards.
There is a stone staircase leading up, spattered with blood here.
You climb upwards.
There is a stone staircase leading down here.
Throw: 57 stones
Press: ? - help, Q - select action, (/) - cycle Shift-Dir - straight line, f - red ugly thing
Aim: a red ugly thing (60% to hit)
You throw a stone.
The stone barely misses the red ugly thing.
You climb downwards.
There is a stone staircase leading up, spattered with blood here.
You climb upwards.
The red ugly thing tail-slaps you but does no damage.
The red ugly thing tail-slaps you.
You are engulfed in flames!
There is a stone staircase leading down here.
The yak bellows!
The red ugly thing tail-slaps you!
You are engulfed in flames!
You climb downwards.
There is a stone staircase leading up, spattered with blood here.
The red ugly thing tail-slaps you.
You are engulfed in flames!
* * * LOW HITPOINT WARNING * * *
The red ugly thing completely misses you.
The red ugly thing attacks as you move away!
The red ugly thing completely misses you.
The red ugly thing attacks as you move away!
The red ugly thing completely misses you.
The red ugly thing attacks as you move away!
The red ugly thing tail-slaps you!
* * * LOW HITPOINT WARNING * * *
You are engulfed in flames!!
You die...

#..........# #.....
#..........# #.....
#..........# #.....
#######)#### #.....
###.# ###### #######
#...# ......####
##+######### .....))..#
#..........# ......##.#
#...@u.....#
......##.####........)<#
......##..o.#..........#
......#####.#.........[#
# ......# #.#..........#
## ......#
#.#..........# #.
......# #.#...^......#
#. ......#
#.'........>.# #.
......# ###..........#
##.


You could see a red ugly thing.

Vanquished Creatures
  Gastronok (D:7)
  A two-headed ogre (D:11)
  A tengu warrior (D:10)
  A cyclops (D:11)
  An ugly thing (D:11)
  2 gargoyles (D:11)
  Maggie (D:8)
  A rime drake (D:9)
  2 komodo dragons
  4 trolls
  A hornet (D:8)
  A polar bear (D:9)
  5 wyverns
  2 shadows (D:9)
  A vampire (D:9)
  19 yaks
  Edmund (D:6)
  3 acid dragons
  A water moccasin (D:7)
  3 orc warriors
  6 ice beasts (D:9)
  5 wolves
  An ogre (D:5)
  4 centaurs
  4 kobold brigands
  4 bullfrogs
  2 gnoll sergeants
  4 scorpions
  4 wights
  5 killer bees (D:11)
  A howler monkey (D:10)
  2 jellies (D:8)
  7 hounds
  9 orc priests
  2 gnoll boudas
  5 iguanas (D:5)
  6 orc wizards
  4 sleepcaps
  8 mummies (Ossuary)
  14 adders
  21 gnolls
  A white imp (D:8)
  An ufetubus (D:7)
  A worm (D:5)
  29 orcs
  7 bats
  5 endoplasms
  10 giant cockroaches
  9 goblins
  8 hobgoblins
  6 jackals
  22 kobolds
  5 quokkas
  16 ball pythons
  7 frilled lizards
  2 hobgoblin zombies (Ossuary)
  3 kobold zombies (Ossuary)
  3 orc zombies (Ossuary)
  8 rats
313 creatures vanquished.

Vanquished Creatures (others)
  An angel (D:10)
1 creature vanquished.

Grand Total: 314 creatures vanquished

Notes
Turn   | Place    | Note
-------+----------+-------------------------------------------
     0 | D:1      | ANNNA the Draconian Ice Elementalist began the quest for
                  | the Orb.
     0 | D:1      | Reached XP level 1. HP: 14/14 MP: 3/3
   180 | D:1      | Reached XP level 2. HP: 18/20 MP: 0/5
   553 | D:1      | Reached XP level 3. HP: 6/26 MP: 0/6
  1011 | D:1      | Learned a level 3 spell: Frozen Ramparts
  1019 | D:1      | HP: 1/26 [gnoll/+0 halberd (10)]
  1209 | D:2      | Reached XP level 4. HP: 15/33 MP: 1/8
  1655 | D:2      | Learned a level 3 spell: Ozocubu's Armour
  2277 | D:3      | Found a hazy altar of Hepliaklqana.
  2301 | D:3      | Reached skill level 1 in Polearms
  2343 | D:3      | Found a shadowy altar of Dithmenos.
  2634 | D:3      | Reached XP level 5. HP: 39/39 MP: 9/9
  2719 | D:3      | Reached skill level 3 in Spellcasting
  2953 | D:4      | Found a staircase to the Ecumenical Temple.
  2970 | Temple   | Entered the Ecumenical Temple
  3004 | Temple   | Became a worshipper of Ashenzari the Shackled
  3488 | D:4      | Reached skill level 1 in Fighting
  3729 | D:4      | Reached XP level 6. HP: 37/47 MP: 10/10
  4160 | D:4      | Found a sacrificial altar of Ru.
  4203 | D:5      | Entered Level 5 of the Dungeon
  4545 | D:5      | HP: 1/47 [ogre/+0 giant spiked club (23)]
  4587 | D:5      | Reached skill level 5 in Ice Magic
  4777 | D:5      | Reached skill level 4 in Spellcasting
  4777 | D:5      | Your scales start taking on a rich purple colour.
  4777 | D:5      | Reached skill level 5 in Spellcasting
  4777 | D:5      | Reached XP level 7. HP: 50/52 MP: 4/14
  5247 | D:5      | Noticed a wyvern
  5258 | D:5      | Killed a wyvern
  5413 | D:5      | Reached skill level 6 in Spellcasting
  5712 | D:5      | Reached skill level 1 in Evocations
  6145 | D:5      | Reached XP level 8. HP: 59/59 MP: 11/17
  6331 | D:6      | Found a glowing drain.
  6343 | Sewer    | Entered a sewer
  7324 | D:6      | Found an opulent altar of Gozag.
  7392 | D:6      | Noticed Edmund
  7410 | D:6      | Killed Edmund
  7520 | D:6      | Reached skill level 7 in Spellcasting
  7632 | D:6      | Reached skill level 5 in Polearms
  7885 | D:6      | Found a basalt altar of Yredelemnul.
  8362 | D:7      | Found a transporter.
  8366 | D:7      | Noticed ChadusMaximus's ghost (novice MiFi)
  8367 | D:7      | Found a transporter.
  8368 | D:7      | Identified the +3 great mace of the Goat {spect, Str+2}
  8368 | D:7      | Noticed a two-headed ogre
  8393 | D:7      | Found a sand-covered staircase.
  8398 | Ossuary  | Entered an ossuary
  8678 | Ossuary  | Reached XP level 9. HP: 40/64 MP: 20/20
  9767 | D:7      | Reached skill level 1 in Transmutations
  9824 | D:8      | Noticed Gastronok
  9876 | D:7      | Killed Gastronok
  9877 | D:7      | Reached skill level 5 in Stealth
  9877 | D:7      | Reached skill level 8 in Spellcasting
 10317 | D:8      | Found a stormy altar of Qazlal.
 10417 | D:8      | Reached XP level 10. HP: 70/74 MP: 16/22
 10455 | D:8      | Found a snail-covered altar of Cheibriados.
 10483 | D:8      | Noticed Maggie
 10883 | D:8      | Reached skill level 9 in Spellcasting
 11070 | D:8      | Killed Maggie
 11476 | D:9      | Reached skill level 1 in Throwing
 12122 | D:9      | HP: 3/74 [vampire/vampiric draining (20)]
 12132 | D:9      | Reached skill level 5 in Evocations
 12529 | D:9      | Found a staircase to the Lair.
 12738 | D:9      | Reached skill level 10 in Spellcasting
 13076 | D:10     | Entered Level 10 of the Dungeon
 13159 | D:10     | Found a staircase to the Orcish Mines.
 13217 | D:9      | Reached XP level 11. HP: 55/82 MP: 22/25
 13603 | D:10     | Killed an angel
 13637 | D:10     | Noticed a rakshasa
 14408 | D:10     | Found a glowing silver altar of Zin.
 14408 | D:10     | Found a shimmering altar of Xom.
 14796 | D:10     | Noticed a tengu warrior
 14796 | D:10     | Noticed a red ugly thing
 14842 | D:10     | Killed a tengu warrior
 15200 | D:10     | Reached skill level 11 in Spellcasting
 15208 | D:10     | Noticed a red ugly thing
 17055 | D:11     | Noticed a two-headed ogre
 17067 | D:11     | Killed a two-headed ogre
 17068 | D:11     | Reached skill level 5 in Dodging
 17331 | D:12     | Noticed a cyan ugly thing
 17467 | D:11     | Killed a red ugly thing
 17620 | D:11     | Slain by a red ugly thing

Illustrated notes

Levels and vault maps discovered:
D:1:      minmay_arrival_semitransparent, layout_basic, st_stairs_3,
          kennysheep_decorative_pillar
D:2:      minmay_recursive_quarters, layout_basic
D:3:      layout_loops_ring, lemuel_crystal_altar, amcnicky_altar_gilded,
          minmay_misc_feat_iff
D:4:      layout_cave_pools, mainiacjoe_overflow_boulevard,
          minmay_temple_entry_trees
D:5:      wad_river_or_something, layout_basic
D:6:      layout_rooms, nicolae_overflow_crystal_walls, old_standard_altar,
          portal_sewer_entry_d, minmay_manual_mares, uniq_edmund
D:7:      layout_loops_cross, nicolae_ossuary_entry_plus, gammafunk_ghost_smash,
          david_defended_altar_orc
D:8:      layout_rooms, mainiacjoe_overflow_chevrons,
          mainiacjoe_overflow_cross_hatched, uniq_gastronok, uniq_maggie
D:9:      layout_cave_pools, hellmonk_lair_entry_icy
D:10:     minmay_the_grid_plus_closed [minmay_the_grid_outer_circle,
          minmay_the_grid_mess, minmay_the_grid_square_x,
          minmay_the_grid_tiny_cups, minmay_the_grid_prize_trominoes],
          layout_cave_pools, grunt_temple_overflow_order_and_chaos_1,
          minmay_orc_entry_temple_small, serial_gnoll_camp,
          gnoll_camp_mini_doghouse, gnoll_camp_mini_hut, gnoll_camp_mini_hut,
          gnoll_camp_mini_basic, gnoll_camp_mini_hut
D:11:     layout_roguey
D:12:     layout_cave_pools
Temple:   oiseaux_autumnal_temple

Skill      XL: |  1  2  3  4  5  6  7  8  9 10 11 |
---------------+----------------------------------+-----
Stealth        | 2 3 4 5 6 7 |  7.1
Dodging        | 2 3 4 5 |  5.0
Polearms       | 1 2 3 5 6 7 9 |  9.3
Spellcasting   | 3 5 6 7 8 10 11 | 11.6
Fighting       | 1 2 3 4 |  4.1
Ice Magic      | 5 6 7 8 |  8.3
Evocations     | 1 3 4 5 6 |  6.6
Transmutations | 3 |  3.2
Throwing       | 1 |  1.4
Short Blades   | |  0.3
Unarmed Combat | |  0.2

Action                     |  1- 3 |  4- 6 |  7- 9 | 10-12 || total
---------------------------+-------+-------+-------+-------++-------
  Melee: Unarmed           |    12 |       |       |       ||    12
         Tailslap          |     7 |    20 |    35 |    48 ||   110
         Short sword       |    33 |       |       |       ||    33
         Halberd           |     5 |   154 |   303 |    28 ||   490
         Spear             |     3 |       |       |       ||     3
         Glaive            |       |       |       |   290 ||   290
  Throw: Stone             |       |     3 |     2 |    39 ||    44
         Dart              |       |     2 |       |     5 ||     7
   Cast: Freeze            |    21 |    11 |    49 |    54 ||   135
         Frozen Ramparts   |     2 |    10 |    38 |    51 ||   101
         Ozocubu's Armour  |       |     8 |    31 |    48 ||    87
Ability: Breathe Dispellin |       |       |     9 |    19 ||    28
  Evoke: Wand              |       |       |     9 |    16 ||    25
    Use: Scroll            |       |     5 |     5 |     7 ||    17
         Potion            |       |       |       |     2 ||     2
   Stab: Sleeping          |     1 |     9 |     8 |     4 ||    22
         Distracted        |       |     1 |       |       ||     1
 Armour: Skin              |    36 |    50 |   147 |   240 ||   473
  Dodge: Dodged            |    73 |   110 |   287 |   437 ||   907
